 Dungeon Sprint DCSS version 0.31-a0-1-g4198be8af4 (webtiles) character file.

Game seed: 4593123792686970146

4260 rocky1 the Scorcher (level 10, -13/50 HPs)
             Began as a Deep Elf Fire Elementalist on May 2, 2023.
             Was a High Priest of Sif Muna.
             Mangled by a shadow wraith (20 damage)
             ... in the Dungeon (Sprint VII: "The Pits").
             The game lasted 00:12:46 (2557 turns).

rocky1 the Scorcher (Deep Elf Fire Elementalist)    Turns: 2557, Time: 00:12:47

Health: -13/50     AC:  2    Str:  5    XL:     10   Next: 10%
Magic:  19/28      EV: 12    Int: 25    God:    Sif Muna [*****.]
Gold:   0          SH:  0    Dex: 15    Spells: 16/34 levels left

rFire   . . .        p - +4 quarterstaff (speed)
rCold   . . .        (shield currently unavailable)
rNeg    . . .        a - +0 robe
rPois   .            (no helmet)
rElec   .            (no cloak)
rCorr   .            (no gloves)
SInv    .            (no boots)
Will    +....        (no amulet)
Stlth   ++           (no ring)
HPRegen 0.28/turn    (no ring)
MPRegen 0.21/turn

%: no teleportation
@: slowed, very slow
A: no striking features
a: Renounce Religion, Channel Magic, Forget Spell, Divine Exegesis


You were in the Dungeon.
You worshipped Sif Muna.
Sif Muna was extremely pleased with you.
You visited 1 branch

Inventory:

Hand Weapons
 k - a +2 scimitar of holy wrath
 p - a +4 quarterstaff of speed (weapon)
Armour
 a - a +0 robe (worn)
Jewellery
 l - a +3 ring of evasion
 m - a +3 ring of dexterity
Scrolls
 i - 5 scrolls of amnesia
 j - a scroll of butterflies
Potions
 b - 4 potions of magic
 c - 6 potions of curing
 d - 7 potions of heal wounds
 e - a potion of haste
 f - 5 potions of berserk rage
 h - a potion of invisibility
 n - a potion of brilliance
 o - a potion of might


   Skills:
 - Level 2.4 Dodging
 - Level 2.4 Stealth
 + Level 12.9 Spellcasting
 * Level 15.0 Conjurations
 + Level 4.9 Transmutations
 * Level 15.2 Fire Magic
 + Level 9.6 Invocations


You had 16 spell levels left.
You knew the following spells:

 Your Spells              Type           Power      Damage    Failure   Level
a - Foxfire               Conj/Fire      100%       2x1d9     0%          1
b - Scorch                Fire           100%       2d9       0%          2
c - Inner Flame           Hex/Fire       53%        N/A       1%          3
d - Volatile Blastmotes   Fire/Tloc      100%       2d18      1%          3
e - Flame Wave            Conj/Fire      75%        2d17      1%          4
f - Irradiate             Conj/Tmut      30%        3d21      1%          5

Your spell library contained the following spells:

 Spells                   Type           Power      Damage    Failure   Level
 Magic Dart               Conj           100%       1d8       0%          1
 Kiss of Death            Conj/Necr      100%       2d13      1%          1
 Shock                    Conj/Air       100%       1d9       1%          1
 Dazzling Flash           Conj/Hex       100%       N/A       1%          3
 Sticky Flame             Conj/Fire      75%        2d9       1%          4
 Arcjolt                  Conj/Air       26%        1d36      4%          5
 Orb of Destruction       Conj           37%        9d11      6%          7
 Confusing Touch          Hex            16%        N/A       11%         3
 Ozocubu's Armour         Ice            16%        N/A       11%         3
 Petrify                  Tmut/Erth      28%        N/A       13%         4
 Freezing Cloud           Conj/Ice/Air   20%        6-21      13%         5
 Cause Fear               Hex            8%         N/A       36%         4
 Dispel Undead            Necr           16%        3d10      36%         4
 Yara's Violent Unravell  Hex/Tmut       14%        3d7       36%         5
 Ozocubu's Refrigeration  Ice            8%         4d9       100%        7
 Necromutation            Tmut/Necr      14%        N/A       100%        8


Dungeon Overview and Level Annotations

Branches:
Dungeon (1/1)

Altars:
Ashenzari
Cheibriados
Dithmenos
Elyvilon
Fedhas
Gozag
Hepliaklqana
Kikubaaqudgha
Makhleb
Nemelex Xobeh
Okawaru
Qazlal
Ru
Sif Muna
Trog
Uskayaw
Vehumet
Wu Jian
Xom
Yredelemnul
Zin
The Shining One
Jiyva
Lugonu


Message History

The tarantella's fire resistance burns away.
You hear a chilling moan.
Casting: Scorch (safe; 0% risk of failure)
Confirm with . or Enter, or press ? or * to list all spells.
Casting: Flame Wave (safe; 1% risk of failure)
Press: ? - help, Dir - look around, f - activate A wave of flame ripples out!
The flame wave engulfs the ynoxinul.
The ynoxinul is lightly wounded. (Press . to intensify the flame waves.)
The ynoxinul closely misses you. The tarantella touches you!
Unknown command.
A wave of flame ripples out!
The flame wave engulfs the tarantella!!
The tarantella is burned terribly!
You kill the tarantella!
Sif Muna accepts your kill.
The flame wave engulfs the ynoxinul!!
The ynoxinul is severely wounded.
The flame wave engulfs something!
The ynoxinul hits you!
Your life force feels restored.
A wave of flame ripples out!
The flame wave engulfs the ynoxinul!!
You kill the ynoxinul!
Sif Muna accepts your kill.
The flame wave engulfs the jackal zombie!!
You destroy the jackal zombie!
Sif Muna accepts your kill.
The flame wave engulfs something!!
You finish channelling waves of flame.
Your Conjurations skill increases to level 15!
Unknown command.
Casting: Flame Wave (safe; 1% risk of failure)
Confirm with . or Enter, or press ? or * to list all spells.
Flames lash something.
Something hits you!!
* * * LOW HITPOINT WARNING * * *
Something drains your vigour!
You feel yourself slow down.
Deactivating autopickup; reactivate with Ctrl-A.
Unknown command.
Okay, then.
You feel much better. Something hits you!
* * * LOW HITPOINT WARNING * * *
Something hits you!!
You die...

....##..#..#####.##
....##..#....##...#
....##..'.....#...#
######..'.....'...+
######..'.....#...#
..[[##..#....##...#
..[[##..#..#####.##
..))##..####...#'######.
..))##..##......@.......
...)##..#......r.......#
########################


You could see a river rat.

Vanquished Creatures
  Urug (D)
  A death yak (D)
  An orc knight (D)
  Pikel (D)
  A guardian mummy (D)
  A tarantella (D)
  A troll (D)
  A ynoxinul (D)
  A wraith (D)
  A water moccasin (D)
  3 orc warriors (D)
  A floating eye (D)
  A sky beast (D)
  An ice beast (D)
  A centaur (D)
  A wolf (D)
  2 lemures (D)
  A gnoll sergeant (D)
  A necrophage (D)
  3 killer bees (D)
  A gnoll bouda (D)
  2 orc wizards (D)
  9 gnolls (D)
  An adder (D)
  An ufetubus (D)
  2 worms (D)
  8 orcs (D)
  A kobold (D)
  A quokka (D)
  A frilled lizard (D)
  A jackal zombie (D)
  A quokka zombie (D)
  A rat (D)
55 creatures vanquished.

Vanquished Creatures (others)
  102 foxfires (D)
102 creatures vanquished.

Grand Total: 157 creatures vanquished

Notes
Turn   | Place    | Note
-------+----------+-------------------------------------------
     0 | D        | rocky1 the Deep Elf Fire Elementalist began the quest for
                  | the Orb.
     0 | D        | Reached XP level 1. HP: 10/10 MP: 6/6
   137 | D        | Found a bloodstained altar of Trog.
   137 | D        | Found a shimmering blue altar of Sif Muna.
   137 | D        | Found a viscous altar of Jiyva.
   137 | D        | Found a hazy altar of Hepliaklqana.
   137 | D        | Found an opulent altar of Gozag.
   138 | D        | Found a glowing golden altar of the Shining One.
   138 | D        | Found a glowing silver altar of Zin.
   138 | D        | Found a basalt altar of Yredelemnul.
   138 | D        | Found a shimmering altar of Xom.
   138 | D        | Found an ornate altar of the Wu Jian Council.
   138 | D        | Found a sacrificial altar of Ru.
   138 | D        | Found a stormy altar of Qazlal.
   138 | D        | Found an iron altar of Okawaru.
   138 | D        | Found a sparkling altar of Nemelex Xobeh.
   138 | D        | Found a burning altar of Makhleb.
   138 | D        | Found a blossoming altar of Fedhas.
   138 | D        | Found a white marble altar of Elyvilon.
   138 | D        | Found a shadowy altar of Dithmenos.
   138 | D        | Found a snail-covered altar of Cheibriados.
   141 | D        | Found a corrupted altar of Lugonu.
   141 | D        | Found a radiant altar of Vehumet.
   142 | D        | Found an ancient bone altar of Kikubaaqudgha.
   142 | D        | Found a hide-covered altar of Uskayaw.
   142 | D        | Found a broken altar of Ashenzari.
   143 | D        | Became a worshipper of Sif Muna the Loreminder
   174 | D        | Noticed a floating eye
   178 | D        | Killed a floating eye
   179 | D        | Reached skill level 5 in Spellcasting
   179 | D        | Reached XP level 2. HP: 14/15 MP: 2/10
   179 | D        | Reached XP level 3. HP: 18/19 MP: 2/12
   179 | D        | Reached XP level 4. HP: 23/24 MP: 2/13
   388 | D        | Learned a level 2 spell: Scorch
   392 | D        | Learned a level 3 spell: Inner Flame
   396 | D        | Learned a level 3 spell: Volatile Blastmotes
   401 | D        | Learned a level 4 spell: Flame Wave
   406 | D        | Reached * piety under Sif Muna
   528 | D        | Reached ** piety under Sif Muna
   729 | D        | Noticed a lemure
   729 | D        | Noticed a lemure
   729 | D        | Noticed a lemure
   756 | D        | Killed a lemure
   760 | D        | Reached skill level 1 in Invocations
   760 | D        | Reached XP level 5. HP: 24/28 MP: 6/16
   768 | D        | Killed a lemure
   769 | D        | Reached *** piety under Sif Muna
   848 | D        | Noticed a water moccasin
   853 | D        | Killed a water moccasin
   854 | D        | Reached XP level 6. HP: 32/32 MP: 10/18
   969 | D        | Noticed Pikel
   975 | D        | Killed Pikel
   975 | D        | Reached **** piety under Sif Muna
   976 | D        | Reached skill level 10 in Conjurations
   976 | D        | Reached skill level 5 in Invocations
   976 | D        | Reached XP level 7. HP: 11/36 MP: 3/22
  1213 | D        | Reached skill level 10 in Spellcasting
  1285 | D        | Reached ***** piety under Sif Muna
  1286 | D        | Reached XP level 8. HP: 41/41 MP: 17/24
  1422 | D        | Noticed Urug
  1432 | D        | Killed Urug
  1432 | D        | Received a gift from Sif Muna
  1435 | D        | Got Sif Muna's Grimoire of Ill Luck {god gift}
  1903 | D        | Received a gift from Sif Muna
  1925 | D        | Got Sif Muna's Codex of the Hot Ocelot {god gift}
  2045 | D        | Reached XP level 9. HP: 6/45 MP: 12/26
  2358 | D        | Learned a level 5 spell: Irradiate
  2364 | D        | Noticed a death yak
  2366 | D        | Noticed a troll
  2367 | D        | Received a gift from Sif Muna
  2368 | D        | Reached skill level 1 in Transmutations
  2371 | D        | Killed a death yak
  2371 | D        | Killed a troll
  2371 | D        | Noticed an orc knight
  2378 | D        | Noticed a guardian mummy
  2406 | D        | Killed an orc knight
  2413 | D        | Killed a guardian mummy
  2413 | D        | Received a gift from Sif Muna
  2414 | D        | Reached skill level 15 in Fire Magic
  2414 | D        | Got Sif Muna's Elucidation of Limned Ouranomancy {god gift}
  2491 | D        | Reached XP level 10. HP: 38/49 MP: 20/28
  2556 | D        | Reached skill level 15 in Conjurations
  2557 | D        | Mangled by a shadow wraith

Illustrated notes

Levels and vault maps discovered:
D:        pitsprint [storerooms_1, entrance_room_1, metal_vault_1, armoury_1,
          mini_pit_1, grid_room_1, main_hall_1, silver_pit, the_coven_1,
          the_vestibule_1, steel_vault_5, golden_pit, hallway_of_sentries,
          crystal_vault_3, iron_vault_3, final_vault]

Skill      XL: |  1  2  3  4  5  6  7  8  9 10 |
---------------+-------------------------------+-----
Spellcasting   | 5 6 7 9 10 11 12 | 12.9
Conjurations   | 6 7 8 10 11 13 14 15 | 15.0
Fire Magic     | 6 8 9 11 13 15 | 15.2
Invocations    | 1 3 5 6 7 9 |  9.6
Transmutations | 4 |  4.9
Dodging        | |  2.4
Stealth        | |  2.4

Action                     |  1- 3 |  4- 6 |  7- 9 | 10-12 || total
---------------------------+-------+-------+-------+-------++-------
  Melee: Quarterstaff      |       |     1 |       |       ||     1
   Cast: Foxfire           |     6 |    32 |    22 |       ||    60
         Scorch            |       |    11 |    43 |     2 ||    56
         Flame Wave        |       |       |     5 |     1 ||     6
 Invoke: Channel Magic     |       |     1 |     1 |       ||     2
    Use: Potion            |       |       |     9 |     1 ||    10
         Scroll            |       |       |     1 |       ||     1
 Armour: Robe              |       |     1 |     2 |       ||     3
  Dodge: Dodged            |     1 |     9 |    27 |     1 ||    38

Table legend: (Time is in decaauts)
 A = Elapsed time spent in this place.
 B = Non-inter-level travel time spent in this place.
 C = Inter-level travel time spent in this place.
 D = Time resting spent in this place.
 E = Time spent auto-exploring this place.
 F = Levels seen in this place.
 G = Mean time per level.
                   A        B        C        D        E       F      G
               +--------+--------+--------+--------+--------+-----+--------+
         Total |   2541 |   2479 |     62 |   1908 |      0 |   1 | 2541.0 |
       Dungeon |   2541 |   2479 |     62 |   1908 |      0 |   1 | 2541.0 |
               +--------+--------+--------+--------+--------+-----+--------+

Top non-repeatable levels by time:
       D: 2541 daAuts
